[Event "Team 45 45 League T88"]
[Site "Internet Chess Club"]
[Date "2021.04.17"]
[Round "2"]
[White "goldeen7"]
[Black "SeniorCitizen"]
[Result "1-0"]
[WhiteElo "1318"]
[BlackElo "1214"]
[Opening "French: Marshall variation"]
[ECO "C10"]
[Time "13:00:20"]
[TimeControl "2700+45"]

1. e4 e6 2. d4 d5 3. Nc3 c5 4. exd5 exd5 5. dxc5 Be6 6. Be3 Nf6 7. Nf3 Nbd7 8.
Bb5 Rc8 9. b4 Be7 10. a3 O-O 11. O-O a6 12. Ba4 Nb8 13. Bb3 b6 14. Na4 bxc5 15.
Nxc5 Bxc5 16. Bxc5 Re8 17. Ba4 Nbd7 18. Bd4 Rf8 19. Rc1 Ne4 20. Nd2 Nc3 21. Bxc3
Rxc3 22. Nb1 Rc7 23. Bb3 Nf6 24. Nd2 Re7 25. c4 dxc4 26. Bxc4 Bxc4 27. Nxc4 Qxd1
28. Rfxd1 Rfe8 29. Nd6 Rd8 30. Rc8 Rxc8 31. Nxc8 Re8 32. Nd6 Rd8 33. Rd2 Ne8 34.
Ne4 Rxd2 35. Nxd2 Nd6 36. Kf1 Kf8 37. Ke2 Ke7 38. Kd3 Ke6 39. Ne4 Nxe4 40. Kxe4
Kd6 41. Kd4 Kc6 42. Kc4 f6 43. f4 g5 44. f5 h5 45. h3 h4 46. a4 Kd6 47. b5
{Black resigns} 1-0

[Event "Team 45 45 League T88"]
[Site "Internet Chess Club"]
[Date "2021.04.19"]
[Round "2"]
[White "dwmt"]
[Black "kabubi"]
[Result "1-0"]
[WhiteElo "1141"]
[BlackElo "1110"]
[Opening "Polish (Sokolsky) opening"]
[ECO "A00"]
[Time "17:01:27"]
[TimeControl "2700+45"]

1. b4 e5 2. Bb2 e4 3. e3 Bxb4 4. Bxg7 c6 5. Bxh8 d5 6. Bc3 Bd6 7. d4 exd3 8.
cxd3 Bf5 9. d4 Nd7 10. Nf3 Ngf6 11. g3 Ne4 12. Bg2 Qf6 13. O-O Nxc3 14. Nxc3 Bg4
15. Nb1 c5 16. Nbd2 cxd4 17. exd4 Ke7 18. Re1+ Kf8 19. Qa4 Qf5 20. Nh4 Qd3 21.
Nhf3 Qf5 22. Qb3 Nb6 23. Qb1 Qh5 24. Ne5 Be6 25. Nef3 Bg4 26. a4 Rc8 27. Rc1 Rb8
28. a5 Nd7 29. Rc3 Nf6 30. Qc1 Qf5 31. Qb1 Qh5 32. h4 Bf5 33. Qd1 Ne4 34. Nxe4
dxe4 35. Nh2 Qxd1+ 36. Rxd1 b6 37. axb6 Rxb6 38. Re3 Rb2 39. Bxe4 Bxe4 40. Rxe4
{Black resigns} 1-0

[Event "Team 45 45 League T88"]
[Site "Internet Chess Club"]
[Date "2021.04.19"]
[Round "2"]
[White "clarinetref"]
[Black "julesraider"]
[Result "1/2-1/2"]
[WhiteElo "1473"]
[BlackElo "1569"]
[Opening "Queen's pawn game, Chigorin variation"]
[ECO "A04"]
[Time "20:33:25"]
[TimeControl "2700+45"]

1. Nf3 Nc6 2. d4 d5 3. c4 e6 4. e3 Nf6 5. a3 Be7 6. Nc3 O-O 7. Bd3 dxc4 8. Bxc4
Na5 9. Bd3 c5 10. O-O c4 11. Bc2 a6 12. a4 b6 13. Bd2 Bb7 14. Ne2 Nb3 15. Bxb3
cxb3 16. Qxb3 Bxf3 17. gxf3 a5 18. e4 Nh5 19. Kh1 Bd6 20. e5 Bxe5 21. dxe5 Qxd2
22. Ng3 Nf4 23. Rad1 Qb4 24. Qxb4 axb4 25. b3 Rfd8 26. Ne4 Rac8 27. Rxd8+ Rxd8
28. Nd6 Nd3 29. Nc4 Rb8 30. Kg2 g5 31. Rg1 Nf4+ 32. Kf1 h6 33. h4 b5 34. axb5
Ra8 35. Ke1 Ra1+ 36. Kd2 Rxg1 37. b6 Nd5 38. b7 gxh4 39. b8=Q+ Kg7 40. Nd6 h3
41. Qe8 h2 42. Qxf7+ Kh8 43. Qf8+ Kh7 44. Qf7+ Kh8 45. Qf8+ Kh7 46. Qf7+ Kh8 47.
Qf8+ Kh7 {Game drawn by repetition} 1/2-1/2

[Event "Team 45 45 League T88"]
[Site "Internet Chess Club"]
[Date "2021.04.19"]
[Round "2"]
[White "MartyJR"]
[Black "sdcohle"]
[Result "1/2-1/2"]
[WhiteElo "1540"]
[BlackElo "1369"]
[Opening "QGA, 4.e3"]
[ECO "D25"]
[Time "21:00:22"]
[TimeControl "2700+45"]

1. d4 d5 2. c4 dxc4 3. Nf3 Nf6 4. e3 a6 5. Bxc4 e6 6. O-O b5 7. Bd3 Bb7 8. Nc3
Nbd7 9. a3 c5 10. Re1 cxd4 11. exd4 Be7 12. Bf4 O-O 13. Rc1 Nb6 14. Ne4 Rc8 15.
Rxc8 Qxc8 16. Nd6 Qd7 17. Nxb7 Qxb7 18. Ne5 Nbd5 19. Bg3 Rc8 20. Qe2 Qb6 21. Nf3
Bd6 22. Be5 Bxe5 23. dxe5 Nf4 24. Qe3 Nxd3 25. Qxd3 Ng4 26. Qe2 Nh6 27. h3 Nf5
28. Qd2 h6 29. Rd1 Qc7 30. b4 Ne7 31. Kh2 Nc6 32. Qd6 Ne7 33. Qxa6 Nd5 34. Qd6
Qxd6 35. exd6 Rd8 36. Rc1 Rxd6 37. Rc5 Rb6 38. Nd4 Ra6 39. Nxb5 Rb6 40. Nc7 Nf6
41. Ra5 Rb7 42. Nb5 Nd5 43. Nd6 Rd7 44. Nc4 Rc7 45. Ne5 f6 46. Nf3 Kf7 47. Nd4
Rd7 48. Nb5 e5 49. Kg3 Ke7 50. Kf3 Rb7 51. Ke4 Rxb5 52. Ra7+ Ke6 53. Rxg7 Nc3+
54. Kd3 Nb1 55. Ra7 Nxa3 56. Rxa3 Rxb4 57. Rc3 Kf5 58. Kc2 Rf4 59. f3 Ra4 60. g3
Ra7 61. Rc4 Rg7 62. g4+ Kg5 63. Kd2 Kh4 64. f4 exf4 65. Rxf4 Kg5 66. Rf3 Re7 67.
Rf5+ Kg6 68. h4 Re6 69. Rf4 Re5 {Game drawn by mutual agreement} 1/2-1/2

[Event "Team 45 45 League T88"]
[Site "Internet Chess Club"]
[Date "2021.04.18"]
[Round "2"]
[White "gregorgg"]
[Black "Balderdash"]
[Result "1-0"]
[WhiteElo "1401"]
[BlackElo "1227"]
[Opening "Scotch: Lolli variation"]
[ECO "C44"]
[Time "14:32:39"]
[TimeControl "2700+45"]

1. e4 e5 2. Nf3 Nc6 3. d4 Nxd4 4. Nxd4 exd4 5. Qxd4 Qf6 6. e5 Qe6 7. Bc4 d5 8.
Bxd5 c5 9. Bxe6 cxd4 10. Bb3 Bd7 11. O-O Bc5 12. Nd2 Ne7 13. Ne4 b6 14. Bg5 Be6
15. Ba4+ Bd7 16. Bxd7+ Kxd7 17. a3 h6 18. Bxe7 Bxe7 19. Rad1 Bc5 20. b4 f5 21.
exf6 Rhe8 22. Rfe1 Bf8 23. Rxd4+ Kc6 24. fxg7 Bxg7 25. Rdd1 Re6 26. Ng3 Rxe1+
27. Rxe1 Kb5 28. Nf5 Bb2 29. Nd6+ Ka4 30. Nc4 Bxa3 31. Nxa3 Kxa3 32. c3 Kb3 33.
Re3 Rd8 34. f4 Rd6 35. Kf2 a6 36. f5 Kc4 37. Rf3 Rf6 38. g4 b5 39. h4 Kd5 40. g5
hxg5 41. hxg5 Rf8 42. Kg3 Ke4 43. f6 Rg8 44. Kg4 Rf8 45. g6 Ke5 46. Kg5 Ke6 47.
f7 Ke7 48. Kh6 Rh8+ 49. Kg7 Rc8 50. f8=Q+ Rxf8 51. Rxf8 a5 52. bxa5 Kd6 53. Kf7
Kc5 54. g7 Kc4 55. Rc8+ Kb3 56. g8=Q Ka4 57. a6 Ka3 58. Qf8+ Kb2 59. Qb4+ Ka2
60. a7 Ka1 61. a8=Q# {Black checkmated} 1-0

[Event "Team 45 45 League T88"]
[Site "Internet Chess Club"]
[Date "2021.04.18"]
[Round "2"]
[White "oldbookseller"]
[Black "woofgang"]
[Result "0-1"]
[WhiteElo "941"]
[BlackElo "1176"]
[Opening "Queen's pawn: Yusupov-Rubinstein system"]
[ECO "A46"]
[Time "09:30:46"]
[TimeControl "2700+45"]

1. d4 Nf6 2. Nf3 e6 3. e3 b6 4. Bd3 Bb7 5. Nbd2 d5 6. b3 Nbd7 7. Bb2 Be7 8. O-O
O-O 9. Qe2 c5 10. c3 a6 11. e4 dxe4 12. Nxe4 Nxe4 13. b4 Nef6 14. Bc1 cxd4 15.
cxd4 Bxb4 16. d5 Bxd5 17. Rb1 a5 18. h3 h6 19. Bc2 Rc8 20. a3 Bd6 21. Re1 Qe7
22. Be3 Bxa3 23. Bxb6 Nxb6 24. Rxb6 Bc5 25. Ra6 Bb4 26. Rc1 Bc4 27. Qe3 Bxa6 28.
Nh4 Nd5 29. Qe4 Nf6 30. Ng6 fxg6 31. Qxg6 Qf7 {White resigns} 0-1

[Event "Team 45 45 League T88"]
[Site "Internet Chess Club"]
[Date "2021.04.16"]
[Round "2"]
[White "nidusin2"]
[Black "Redman1"]
[Result "0-1"]
[WhiteElo "1648"]
[BlackElo "1616"]
[Opening "Queen's pawn: London system"]
[ECO "A45"]
[Time "07:34:41"]
[TimeControl "2700+45"]

1. d4 Nf6 2. Bf4 g6 3. Nc3 Bg7 4. e4 d6 5. Qd2 a6 6. Be2 Nc6 7. O-O-O O-O 8. Bh6
e5 9. Bxg7 Kxg7 10. dxe5 dxe5 11. Nf3 Qxd2+ 12. Rxd2 Bg4 13. h3 Bxf3 14. Bxf3
Nd4 15. Nd5 Nxd5 16. exd5 Nxf3 17. gxf3 Rfe8 18. h4 e4 19. fxe4 Rxe4 20. h5 Rd8
21. hxg6 hxg6 22. c3 Kf6 23. Rh7 g5 24. Kc2 Kg6 25. Rh3 f5 26. b3 f4 27. c4 g4
28. Rhd3 Kf5 29. Rd4 Ke5 30. Kc3 Rxd4 31. Rxd4 Rg8 32. Rd1 Ke4 33. c5 Kf3 34.
Rd4 g3 35. fxg3 fxg3 36. Rd3+ Kg2 37. d6 cxd6 38. cxd6 Rd8 39. d7 Kh2 40. Rd2+
g2 41. Rd5 g1=Q 42. Rh5+ Kg2 {White resigns} 0-1

[Event "Team 45 45 League T88"]
[Site "Internet Chess Club"]
[Date "2021.04.17"]
[Round "2"]
[White "borfin"]
[Black "Insan996"]
[Result "1-0"]
[WhiteElo "1536"]
[BlackElo "1578"]
[Opening "Nimzo-Indian: 4.e3 c5, 5.Ne2 (Rubinstein, anti-Hübner system)"]
[ECO "E42"]
[Time "22:02:59"]
[TimeControl "2700+45"]

1. d4 Nf6 2. c4 e6 3. Nc3 Bb4 4. e3 c5 5. Ne2 b6 6. a3 Bxc3+ 7. Nxc3 Bb7 8. d5
e5 9. e4 d6 10. Bd3 h6 11. h3 O-O 12. Qf3 Nbd7 13. Be2 Nh7 14. Qg3 Kh8 15. O-O
f5 16. exf5 Rxf5 17. Bd3 Rf8 18. Ne4 Ndf6 19. f4 Nxe4 20. Bxe4 Nf6 21. Bg6 b5
22. b3 bxc4 23. bxc4 Ba6 24. Bd3 e4 25. Be2 Nxd5 26. Bb2 Nf6 27. Rad1 Rb8 28.
Rd2 Qe7 29. Rfd1 Nh5 30. Bxh5 Bxc4 31. Qc3 Bd3 32. Re1 d5 33. Rxd3 Qh4 34. Qxg7#
{Black checkmated} 1-0

[Event "Team 45 45 League T88"]
[Site "Internet Chess Club"]
[Date "2021.04.20"]
[Round "2"]
[White "fireball"]
[Black "Chess4Him"]
[Result "1-0"]
[WhiteElo "1480"]
[BlackElo "1527"]
[Opening "Robatsch defense"]
[ECO "B06"]
[Time "11:04:35"]
[TimeControl "2700+45"]

1. e4 g6 2. d4 Bg7 3. Nc3 a6 4. Be3 b5 5. h4 Bb7 6. Bd3 d6 7. h5 gxh5 8. Qxh5 e6
9. Qg4 Qf6 10. Nf3 Nh6 11. Qh3 Qg6 12. e5 Qg4 13. Bxh6 Qxh3 14. Rxh3 Bxh6 15.
Rxh6 dxe5 16. dxe5 Nd7 17. Be4 O-O-O 18. Bxb7+ Kxb7 19. O-O-O Kc8 20. Rdh1 Nf8
21. Ne4 Kb7 22. Nf6 Ng6 23. Rxh7 Rxh7 24. Rxh7 Nf4 25. b3 c5 26. Rxf7+ Kb6 27.
g3 Ne2+ 28. Kb2 c4 29. Rd7 c3+ 30. Ka3 Rxd7 31. Nxd7+ Kc6 32. Nf6 Kc5 33. Nd7+
Kc6 34. Nf8 Kd5 35. Kb4 Ke4 36. Ng5+ Kxe5 37. Nfxe6 Kd5 38. f4 Kc6 39. f5 Nxg3
40. f6 Kb6 41. f7 Ne2 42. f8=Q a5+ 43. Ka3 b4+ 44. Ka4 {Black resigns} 1-0

[Event "Team 45 45 League T88"]
[Site "Internet Chess Club"]
[Date "2021.04.17"]
[Round "2"]
[White "mongmong"]
[Black "smsxman"]
[Result "1-0"]
[WhiteElo "1554"]
[BlackElo "1392"]
[Opening "Queen's pawn"]
[ECO "A40"]
[Time "14:04:20"]
[TimeControl "2700+45"]

1. d4 e6 2. Nf3 c5 3. c3 cxd4 4. cxd4 d5 5. e3 Nf6 6. Bd3 Be7 7. O-O Nc6 8. a3
O-O 9. b4 a6 10. Bb2 Bd7 11. Nbd2 b5 12. Nb3 Rb8 13. Rc1 a5 14. Nc5 axb4 15.
axb4 Nxb4 16. Bb1 Bxc5 17. Rxc5 Na6 18. Rc1 b4 19. Ne5 Bb5 20. Nd3 Rc8 21. Re1
Ne4 22. f3 Nc3 23. Bxc3 bxc3 24. Qc2 Qa5 25. Nc5 Nxc5 26. Qxh7# {Black
checkmated} 1-0

[Event "Team 45 45 League T88"]
[Site "Internet Chess Club"]
[Date "2021.04.18"]
[Round "2"]
[White "MrAbendroth"]
[Black "julesraider"]
[Result "1-0"]
[WhiteElo "1663"]
[BlackElo "1574"]
[Opening "Caro-Kann: classical, Spassky variation"]
[ECO "B18"]
[Time "14:00:46"]
[TimeControl "2700+45"]

1. e4 c6 2. d4 d5 3. Nc3 dxe4 4. Nxe4 Bf5 5. Ng3 Bg6 6. Nf3 Nd7 7. h4 h6 8. h5
Bh7 9. Bd3 Bxd3 10. Qxd3 e6 11. Bd2 Ngf6 12. O-O-O Be7 13. Kb1 O-O 14. Ne4 b5
15. Nxf6+ Nxf6 16. Ne5 Qd5 17. f3 c5 18. Qxb5 Rab8 19. Qc4 Qb7 20. b3 Rfc8 21.
dxc5 Rxc5 22. Qe2 Nd5 23. c4 Nb4 24. Bxb4 Qxb4 25. f4 Rc7 26. Rh3 Bf6 27. Nd7
Rxd7 28. Rxd7 a5 29. Qd2 Qc5 30. Rhd3 Qg1+ 31. Kc2 Qc5 32. Rd8+ Rxd8 33. Rxd8+
Bxd8 34. Qxd8+ Kh7 35. Qd3+ f5 36. Qe2 Qc6 37. Qf3 Qc5 38. Qe2 Qa3 39. Kd3 Qd6+
40. Ke3 Kg8 41. Qd2 Qc7 42. Kf3 Qc6+ 43. Kg3 Kf7 44. Qxa5 Qe4 45. Qa7+ Kf6 46.
Qf2 Qd3+ 47. Qf3 Qd2 48. a4 Qb4 49. Qe3 Kf7 50. c5 Ke7 51. c6 Kd6 52. Qe5+ Kxc6
53. Qxe6+ Kb7 54. Qd7+ Kb6 55. Qb5+ Qxb5 56. axb5 Kxb5 57. Kf3 Kb4 58. Ke3 Kxb3
59. Kd4 Kc2 60. Ke5 Kd3 61. Kxf5 Ke3 62. g4 Kd4 63. g5 Kd5 64. gxh6 gxh6 65. Kg6
Ke6 66. f5+ Ke7 67. Kxh6 Kf7 68. Kg5 Kg7 69. f6+ Kf7 70. Kf5 Kf8 71. Ke6 Ke8 72.
h6 Kf8 73. h7 Ke8 74. h8=Q# {Black checkmated} 1-0

[Event "Team 45 45 League T88"]
[Site "Internet Chess Club"]
[Date "2021.04.17"]
[Round "2"]
[White "kabindra"]
[Black "RD1974"]
[Result "1-0"]
[WhiteElo "1778"]
[BlackElo "1511"]
[Opening "Sicilian: closed"]
[ECO "B23"]
[Time "12:01:15"]
[TimeControl "2700+45"]

1. e4 c5 2. Nc3 e6 3. g3 Nf6 4. Bg2 Nc6 5. Nh3 d5 6. O-O d4 7. Ne2 e5 8. d3 h6
9. f4 Ng4 10. f5 Be7 11. Nef4 Nf6 12. Nh5 O-O 13. Nxf6+ Bxf6 14. g4 Bh4 15. g5
f6 16. gxh6 Qe7 17. Qg4 Bg5 18. Nxg5 fxg5 19. Bxg5 Qf7 20. Qh4 Bd7 21. hxg7 Qxg7
22. Bh6 Qh7 23. Qg5+ Kh8 24. Bxf8 Rxf8 25. Qg6 Qh4 26. Qg3 Qh6 27. Qh3 Rf6 28.
Qxh6+ Rxh6 29. Rf3 Kg7 30. Rg3+ Kf7 31. Rf1 Ne7 32. Rh3 Rf6 33. Rff3 Nc8 34.
Rfg3 Ke7 35. Rh7+ Kd6 36. Rg6 Rxg6 37. fxg6 Be6 38. Bh3 Bxh3 39. Rxh3 Ne7 40. g7
Ke6 41. Rf3 {Black resigns} 1-0

[Event "Team 45 45 League T88"]
[Site "Internet Chess Club"]
[Date "2021.04.16"]
[Round "2"]
[White "WillC"]
[Black "RoyalFizzbin"]
[Result "1-0"]
[WhiteElo "1524"]
[BlackElo "1249"]
[Opening "Queen's pawn game, Darooha variation "]
[ECO "D02"]
[Time "16:05:44"]
[TimeControl "2700+45"]

1. d4 d5 2. Nf3 Nf6 3. b3 Bf5 4. Bb2 e6 5. g3 Nbd7 6. Bg2 h6 7. Nbd2 c6 8. O-O
Be7 9. c4 a5 10. a3 O-O 11. Rc1 b5 12. Ne5 Bd6 13. Nxc6 Qb6 14. cxd5 Nxd5 15. e4
Ne7 16. Nxe7+ Bxe7 17. exf5 exf5 18. Bxa8 Rxa8 19. Qe2 Bf6 20. Qf3 Re8 21. Qc6
{Black resigns} 1-0

[Event "Team 45 45 League T88"]
[Site "Internet Chess Club"]
[Date "2021.04.16"]
[Round "2"]
[White "Toalla"]
[Black "chesskix"]
[Result "1/2-1/2"]
[WhiteElo "1137"]
[BlackElo "1428"]
[Opening "English opening"]
[ECO "A30"]
[Time "19:03:39"]
[TimeControl "2700+45"]

1. c4 Nf6 2. Nf3 c5 3. g3 Nc6 4. Bg2 Rb8 5. b3 e6 6. Bb2 b6 7. O-O Bb7 8. d3 d5
9. Nbd2 d4 10. e4 Be7 11. Re1 Ng4 12. Nf1 Nge5 13. Nxe5 Nxe5 14. f4 Nc6 15. Qg4
g6 16. Qe2 O-O 17. Bh3 Bc8 18. Bc1 f5 19. e5 Bb7 20. Bg2 Re8 21. g4 Bf8 22. g5
Bg7 23. h4 h5 24. a3 a5 25. Ng3 Kf7 26. Kf2 Rh8 27. Rh1 Qe7 28. Bd2 Qc7 29. Rae1
Rbe8 30. Rb1 {Game drawn by mutual agreement} 1/2-1/2

[Event "Team 45 45 League T88"]
[Site "Internet Chess Club"]
[Date "2021.04.17"]
[Round "2"]
[White "Constrictor"]
[Black "jaboti"]
[Result "0-1"]
[WhiteElo "1523"]
[BlackElo "1561"]
[Opening "Réti: Nimzovich-Larsen attack"]
[ECO "A01"]
[Time "15:02:59"]
[TimeControl "2700+45"]

1. b3 d5 2. Nf3 Nf6 3. e3 c5 4. Bb2 a6 5. c4 e6 6. Be2 Nc6 7. O-O Bd6 8. d4 cxd4
9. Nxd4 O-O 10. cxd5 exd5 11. Nd2 Re8 12. N2f3 Bc7 13. Nxc6 bxc6 14. Ba3 Ne4 15.
Rc1 Re6 16. Bd3 Bb7 17. Nd4 Bxh2+ 18. Kh1 Rh6 19. Nf5 Qg5 20. Bxe4 dxe4 21.
Nxh6+ Qxh6 22. Re1 Bg3+ 23. Kg1 Qh2+ 24. Kf1 Qh1+ 25. Ke2 Qxg2 26. Rg1 Qxf2#
{White checkmated} 0-1

[Event "Team 45 45 League T88"]
[Site "Internet Chess Club"]
[Date "2021.04.16"]
[Round "2"]
[White "noblitz-oblige"]
[Black "bardu"]
[Result "1-0"]
[WhiteElo "1518"]
[BlackElo "1344"]
[Opening "Sicilian: Najdorf, Opocensky variation"]
[ECO "B92"]
[Time "11:06:33"]
[TimeControl "2700+45"]

1. e4 c5 2. Nf3 d6 3. d4 cxd4 4. Nxd4 Nf6 5. Nc3 a6 6. Be2 e5 7. Nf3 h6 8. O-O
Be7 9. h3 O-O 10. Be3 Be6 11. Nd2 Nbd7 12. f4 exf4 13. Bxf4 Ne5 14. Kh1 Qd7 15.
Nf3 Nxf3 16. Bxf3 Bxh3 17. gxh3 Qxh3+ 18. Bh2 Rac8 19. Nd5 Nxd5 20. exd5 Rc4 21.
Bg2 Qh4 22. Qd3 Bf6 23. c3 Be5 24. Qh3 Bxh2 25. Qxh2 Qg5 26. Rf3 Re8 27. Raf1
Rh4 28. Rh3 Rxh3 29. Qxh3 Qd2 30. Qf5 f6 31. Be4 Kf8 32. Bf3 Qg5 33. Qxg5 hxg5
34. Kg2 Kf7 35. Kf2 f5 36. Re1 Rxe1 37. Kxe1 Kf6 38. Ke2 Ke5 39. c4 Kd4 40. b3
Kc3 41. Ke3 Kb2 42. Kd4 Kxa2 43. c5 dxc5+ 44. Kxc5 g4 45. Bh1 g3 46. d6 Kxb3 47.
d7 a5 48. d8=Q a4 49. Qd1+ {Black resigns} 1-0

[Event "Team 45 45 League T88"]
[Site "Internet Chess Club"]
[Date "2021.04.16"]
[Round "2"]
[White "smsxman"]
[Black "OGO"]
[Result "1/2-1/2"]
[WhiteElo "1385"]
[BlackElo "1207"]
[Opening "Sicilian: closed"]
[ECO "B23"]
[Time "13:00:35"]
[TimeControl "2700+45"]

1. e4 c5 2. Nc3 d6 3. Nf3 Nc6 4. Bb5 Bd7 5. O-O a6 6. Bxc6 Bxc6 7. d4 cxd4 8.
Qxd4 e5 9. Qd1 Nf6 10. Be3 Nxe4 11. Re1 Nxc3 12. bxc3 Be7 13. Rb1 O-O 14. Bb6
Qd7 15. Qe2 Qg4 16. Kh1 Bxf3 17. gxf3 Qe6 18. c4 Rac8 19. c5 dxc5 20. Qxe5 Qxe5
21. Rxe5 Bd6 22. Rd5 Rc6 23. Ba7 b5 24. Rbd1 Be7 25. Rd7 Re8 26. f4 f6 27. f5
Kf7 28. Rb7 g6 29. fxg6+ hxg6 30. Rd5 Ke6 31. Rd3 f5 32. Re3+ Kf7 33. Bb8 Kf8
34. Bg3 Bf6 35. Rd3 Rd8 36. Ra3 Bb2 37. Re3 Re8 38. Rd3 Bf6 39. Bf4 Re7 40. Rd8+
Kf7 41. Rdd7 Rxd7 42. Rxd7+ Kg8 43. Kg2 g5 44. Bd2 f4 45. f3 Re6 46. Kf2 a5 47.
Bxa5 Bd4+ 48. Kf1 Re3 49. c3 Bxc3 50. Bxc3 Rxc3 51. Rd5 Rxf3+ 52. Kg2 Rc3 53.
Rxg5+ Kh7 54. Rf5 Rc2+ 55. Kh3 Rc3+ 56. Kg4 Rc4 57. Rxf4 Rxf4+ 58. Kxf4 Kg6 59.
Ke4 Kf6 60. Kd5 c4 61. Kd4 Kf5 62. a4 bxa4 63. Kxc4 Kg4 64. Kb4 Kh3 65. Kxa4
Kxh2 {Game drawn because neither player has mating material} 1/2-1/2

[Event "Team 45 45 League T88"]
[Site "Internet Chess Club"]
[Date "2021.04.17"]
[Round "2"]
[White "jungleboy"]
[Black "Ostap-Bender"]
[Result "0-1"]
[WhiteElo "1137"]
[BlackElo "1226"]
[Opening "Bogo-Indian defense"]
[ECO "E11"]
[Time "13:00:50"]
[TimeControl "2700+45"]

1. d4 Nf6 2. c4 e6 3. Nf3 Bb4+ 4. Bd2 Bxd2+ 5. Nfxd2 O-O 6. e3 d5 7. cxd5 exd5
8. Bd3 Re8 9. O-O b6 10. Nc3 Ba6 11. Bxa6 Nxa6 12. a3 c5 13. dxc5 Nxc5 14. Qc2
Rc8 15. Rad1 Qc7 16. Nb5 Qe7 17. Rfe1 Nce4 18. Qd3 a6 19. Nd4 b5 20. Nf5 Qe5 21.
Nxe4 dxe4 22. Nh6+ gxh6 23. Qd6 Qxd6 24. Rxd6 Re6 25. Red1 Rxd6 26. Rxd6 Rc1+
{White resigns} 0-1

[Event "Team 45 45 League T88"]
[Site "Internet Chess Club"]
[Date "2021.04.18"]
[Round "2"]
[White "Gojira"]
[Black "Pawnchain"]
[Result "1-0"]
[WhiteElo "1537"]
[BlackElo "1325"]
[Opening "Queen's pawn: Chigorin variation"]
[ECO "D00"]
[Time "08:00:52"]
[TimeControl "2700+45"]

1. d4 d5 2. Nc3 Nf6 3. Bf4 a6 4. e3 Nbd7 5. Bd3 e6 6. Nf3 c5 7. dxc5 Bxc5 8. O-O
O-O 9. e4 dxe4 10. Nxe4 Nxe4 11. Bxe4 Nf6 12. Bd3 b5 13. Qe2 Bb7 14. Rad1 Nd5
15. Bc1 Qe7 16. b3 h6 17. Bb2 Bd6 18. c4 Nf4 19. Qe3 Nxd3 20. Qxd3 Rad8 21. Qc3
e5 22. Nxe5 Qg5 23. Nf3 Bxf3 24. Qxf3 bxc4 25. bxc4 Qh4 26. g3 Qxc4 27. Rd2 Qe6
28. Qc3 Qg6 29. Rfd1 Be7 30. Rxd8 Bxd8 31. Ba3 Re8 32. Qc8 Qg5 33. Qd7 {Black
resigns} 1-0

[Event "Team 45 45 League T88"]
[Site "Internet Chess Club"]
[Date "2021.04.15"]
[Round "2"]
[White "Tjet"]
[Black "cap78red"]
[Result "0-1"]
[WhiteElo "1318"]
[BlackElo "1364"]
[Opening "English, 1...Nf6 (Anglo-Indian defense)"]
[ECO "A15"]
[Time "15:01:25"]
[TimeControl "2700+45"]

1. c4 Nf6 2. g3 g6 3. Bg2 Bg7 4. Nf3 d5 5. cxd5 Nxd5 6. Nc3 c6 7. O-O O-O 8.
Nxd5 cxd5 9. d3 Nc6 10. Rb1 Rb8 11. Bf4 e5 12. Bd2 h6 13. a3 Be6 14. Qc1 Kh7 15.
b4 e4 16. dxe4 dxe4 17. Ne1 Ba2 18. Bxe4 Bxb1 19. Bxb1 Nd4 20. Bd3 Nb3 21. Qc2
Nxd2 22. Qxd2 Rc8 23. Nc2 Rc3 24. Rc1 Qc7 25. Rb1 Rc8 26. Ne3 Rc1+ 27. Rxc1
Qxc1+ 28. Qxc1 Rxc1+ 29. Kg2 Rc3 30. Nc4 b5 31. Nd6 a6 32. Nxf7 Rxa3 33. Nd6 Bf8
34. Ne4 Bxb4 35. Nf6+ Kg7 36. Nd5 Bd6 37. h4 b4 38. f4 b3 39. Kf3 b2 40. Nb6
b1=Q 41. Nc4 Rxd3+ 42. exd3 Qxd3+ {White resigns} 0-1

[Event "Team 45 45 League T88"]
[Site "Internet Chess Club"]
[Date "2021.04.17"]
[Round "2"]
[White "CMAlge"]
[Black "xingon"]
[Result "0-1"]
[WhiteElo "1246"]
[BlackElo "1425"]
[Opening "Sicilian: closed"]
[ECO "B23"]
[Time "10:00:54"]
[TimeControl "2700+45"]

1. e4 c5 2. Nc3 a6 3. a4 d6 4. f4 Nc6 5. Nf3 Bg4 6. Be2 Bxf3 7. Bxf3 Nf6 8. e5
dxe5 9. fxe5 Nxe5 10. Bxb7 Rb8 11. Bxa6 Qd4 12. Bb5+ Ned7 13. Qe2 e6 14. d3 Be7
15. Be3 Qd6 16. Bf4 Qxf4 17. Ne4 O-O 18. g3 Qf5 19. g4 Qd5 20. Bc4 Qa8 21. g5
Nxe4 22. dxe4 Bxg5 23. Rg1 Bf6 {White resigns} 0-1

[Event "Team 45 45 League T88"]
[Site "Internet Chess Club"]
[Date "2021.04.18"]
[Round "2"]
[White "Visin"]
[Black "seldredg"]
[Result "1-0"]
[WhiteElo "1357"]
[BlackElo "1291"]
[Opening "Philidor: Improved Hanham variation"]
[ECO "B07"]
[Time "12:01:45"]
[TimeControl "2700+45"]

1. e4 d6 2. d4 Nf6 3. Nc3 Nbd7 4. Nf3 e5 5. dxe5 dxe5 6. a3 a5 7. Bg5 c6 8. Bc4
Be7 9. O-O h6 10. Bxf6 Bxf6 11. h3 Qe7 12. Nh2 Nf8 13. Ng4 Bg5 14. Qf3 Bxg4 15.
Qxg4 Ne6 16. Bxe6 fxe6 17. Qh5+ Kd8 18. Rad1+ Kc7 19. Rd3 Rad8 20. Rfd1 Rxd3 21.
Rxd3 Bc1 22. b4 axb4 23. Qxe5+ Kc8 24. axb4 Rd8 25. Ne2 Rxd3 26. cxd3 Bg5 27.
Qc5 Qd8 28. Qc4 e5 29. b5 Qc7 30. bxc6 Qxc6 31. Qxc6+ bxc6 32. d4 Kd7 33. dxe5
Ke6 34. f4 Bd8 35. Kf1 g6 36. Nd4+ Kd7 37. f5 gxf5 38. exf5 c5 39. Nc2 Kc6 40.
Ke2 Kd5 41. e6 Ke4 42. g4 Kf4 43. Kf2 Be7 44. Ne3 Bh4+ 45. Ke2 Ke5 46. Kd3 Kd6
47. Ke4 Bf6 48. Nc4+ Kc6 49. Ne5+ Kd6 50. Nf7+ Ke7 51. Nxh6 c4 52. Ng8+ Kd6 53.
Nxf6 c3 54. Kd3 {Black resigns} 1-0

[Event "Team 45 45 League T88"]
[Site "Internet Chess Club"]
[Date "2021.04.16"]
[Round "2"]
[White "room-matt"]
[Black "fileman"]
[Result "1-0"]
[WhiteElo "1823"]
[BlackElo "1763"]
[Opening "KP: Nimzovich defense"]
[ECO "B00"]
[Time "12:13:37"]
[TimeControl "2700+45"]

1. e4 Nc6 2. Nf3 d6 3. d4 Nf6 4. Nc3 Bg4 5. Be3 e6 6. h3 Bh5 7. d5 exd5 8. exd5
Ne5 9. g4 Nxf3+ 10. Qxf3 Bg6 11. O-O-O Be7 12. h4 h5 13. Bb5+ Nd7 14. g5 a6 15.
Ba4 b5 16. Bb3 O-O 17. Rhe1 Re8 18. Ne2 a5 19. a3 Ne5 20. Qg3 a4 21. Ba2 Qc8 22.
f4 Ng4 23. Bd4 c5 24. dxc6 Qxc6 25. Bc3 Rac8 26. Bd5 Qb6 27. Nd4 Qc5 28. Bf3 Bf8
29. Rxe8 Rxe8 30. Bxg4 hxg4 31. Qxg4 Be4 32. h5 d5 33. h6 Qc4 34. Qd7 Re7 35.
Qd8 Rc7 36. hxg7 Kxg7 37. Ne6+ Kg6 {Black resigns} 1-0

[Event "Team 45 45 League T88"]
[Site "Internet Chess Club"]
[Date "2021.04.18"]
[Round "2"]
[White "Zugzwanged"]
[Black "Rookmaster"]
[Result "1-0"]
[WhiteElo "1729"]
[BlackElo "1608"]
[Opening "St. George (Baker) defense"]
[ECO "B00"]
[Time "10:35:34"]
[TimeControl "2700+45"]

1. e4 a6 2. d4 b5 3. Nf3 Bb7 4. Bd3 d6 5. O-O c5 6. c3 cxd4 7. cxd4 Nd7 8. Bf4
g6 9. Re1 Bg7 10. e5 Bxf3 11. Qxf3 dxe5 12. dxe5 e6 13. Bg5 Qxg5 14. Qxa8+ Ke7
15. Nc3 Nh6 16. Qxa6 Ng4 17. Qd6+ Ke8 18. Bxb5 Qd8 19. Rad1 {Black resigns} 1-0

[Event "Team 45 45 League T88"]
[Site "Internet Chess Club"]
[Date "2021.04.18"]
[Round "2"]
[White "Mitochondria"]
[Black "dalmata"]
[Result "1-0"]
[WhiteElo "1567"]
[BlackElo "1529"]
[Opening "Queen's pawn game"]
[ECO "E20"]
[Time "12:00:08"]
[TimeControl "2700+45"]

1. d4 Nf6 2. c4 e6 3. Nc3 g6 4. Bg5 Bg7 5. Nf3 O-O 6. e4 Nc6 7. e5 h6 8. Bxf6
Bxf6 9. exf6 Qxf6 10. Be2 d6 11. O-O a6 12. Qd2 Qg7 13. d5 Ne7 14. dxe6 Bxe6 15.
b3 Nc6 16. Rad1 Rad8 17. Nd4 Nxd4 18. Qxd4 Qxd4 19. Rxd4 Rfe8 20. Bf3 b6 21. Nd5
Bxd5 22. Bxd5 Re2 23. Re4 Rxe4 24. Bxe4 Re8 25. Bd5 Re2 26. Ra1 Kg7 27. g3 Kf6
28. a3 Rb2 29. b4 g5 30. Kg2 h5 31. h4 gxh4 32. gxh4 Rb3 33. c5 Rd3 34. Bc4 Rd4
35. Bxa6 dxc5 36. bxc5 Rxh4 37. cxb6 cxb6 38. a4 Kg5 39. Bb5 f5 40. Ra3 Rg4+ 41.
Kf1 h4 42. Rh3 Rd4 43. Rh1 Rd1+ 44. Kg2 Rd2 45. Re1 Rd6 46. Re8 Kg4 47. Rg8+ Kf4
48. Rh8 Kg5 {Black resigns} 1-0